AoeStats
← BattingBaton14

Arabia

507578647Analyzed
2v2 RM · 12d ago on Sep 18, 2026· 60m 34s· 4 players
Game mode
Random Map
Map size
Medium (4 player)
Population
200
Speed
Normal
Resources
Standard
Victory
Conquest
Starting age
Dark Age
Ending age
Imperial Age
RankedLock teamsTeams togetherTeam positionsShared explorationLock speedFull tech treeHidden civsTurbo modeCheats
Victory
Defeat
🇬🇧 Spanish · United Kingdom
836
+16
🇬🇧 Malay · United Kingdom
834
+16
🇨🇴 Huns · Colombia
835
-16
🇨🇴 Cumans · Colombia
825
-16
oscartronico
11:55 Feudal Age
15:29 Bloodlines
15:33 Scale Barding Armor
15:39 Forging
15:19 Loom
22:55 Castle Age
21:22 Double-Bit Axe
21:33 Gold Mining
23:44 Thumb Ring
24:02 Husbandry
28:50 Ballistics
28:22 Fletching
28:33 Padded Archer Armor
28:33 Elite Skirmisher
31:14 Bodkin Arrow
31:35 Leather Archer Armor
31:40 Chain Barding Armor
31:42 Bow Saw
34:25 Iron Casting
40:07 Imperial Age
40:11 Cavalier
40:28 Pikeman
46:13 Bracer
47:26 Paladin
52:07 Paladin
sebastian-308
1:13 Loom
12:21 Feudal Age
18:32 Castle Age
18:39 Castle Age
18:17 Bloodlines
18:05 Double-Bit Axe
23:15 Scale Barding Armor
23:49 Wheelbarrow
23:41 Horse Collar
26:37 Chain Barding Armor
28:55 Capped Ram
29:34 Pikeman
30:15 Squires
31:04 Bow Saw
31:49 Forging
31:41 Padded Archer Armor
31:31 Fletching
31:50 Thumb Ring
31:55 Gold Mining
33:00 Stone Mining
33:17 Heavy Plow
34:47 Steppe Husbandry
36:51 Light Cavalry
41:20 Imperial Age
46:52 Two-Man Saw
46:36 Plate Barding Armor
46:17 Leather Archer Armor
45:57 Bodkin Arrow
46:26 Conscription
46:17 Cavalier
46:17 Hussar
47:49 Gold Shaft Mining
54:56 Ring Archer Armor
55:02 Iron Casting
HoundDog914030
6:37 Loom
12:51 Feudal Age
20:46 Castle Age
20:37 Double-Bit Axe
21:41 Bow Saw
21:57 Pikeman
23:59 Squires
28:39 Forging
30:03 Stone Mining
32:12 Horse Collar
35:32 Heavy Plow
39:10 Wheelbarrow
51:09 Imperial Age
49:48 Thumb Ring
52:49 Elite Skirmisher
56:16 Fletching
56:26 Padded Archer Armor
58:04 Halberdier
59:41 Gambesons
BattingBaton14
11:08 Feudal Age
9:24 Loom
16:35 Castle Age
14:28 Double-Bit Axe
14:28 Horse Collar
19:44 Wheelbarrow
21:13 Pikeman
26:27 Gold Mining
26:58 Bow Saw
27:14 Hand Cart
28:59 Stone Mining
30:08 Elite Skirmisher
33:39 Stone Shaft Mining
33:39 Gold Shaft Mining
34:09 Heavy Plow
34:46 Fletching
34:56 Padded Archer Armor
37:12 Ballistics
40:07 Imperial Age
38:58 Bodkin Arrow
39:13 Forging
39:09 Scale Barding Armor
40:36 Chemistry
39:27 Heated Shot
39:56 Light Cavalry
40:36 Husbandry
41:50 Halberdier
43:01 Elite Battle Elephant
58:40 Iron Casting
60:15 Conscription
Connection lost

Rejoining the realm…

Still unreachable

The connection could not be restored.

Session expired

The server has moved on; the page needs a fresh start.